 Dungeon Crawl Stone Soup version 0.21.0-24-g2553a33 (webtiles) character file.

197 Monsterracer the Ruffian (level 5, -8/45 HPs)
             Began as a Ghoul Chaos Knight on Jan 21, 2018.
             Shot with an arrow by a centaur (12 damage)
             ... on level 3 of the Dungeon.
             The game lasted 00:04:49 (2649 turns).

Monsterracer the Ruffian (Ghoul Chaos Knight)       Turns: 2649, Time: 00:04:50

Health: -8/45      AC:  8    Str: 15 (17) XL:     5   Next: 75%
Magic:  4/4        EV: 10    Int:  4 (7)  God:    Xom [*.....]
Gold:   165        SH:  0    Dex:  7 (8)  Spells: 4/4 levels left

rFire    . . .     SeeInvis .     - Unarmed
rCold    + + .     Gourm    .   (no shield)
rNeg     + + +     Faith    .   g - +2 ring mail {rC+}
rPois    ∞         Spirit   .   q - +0 helmet
rElec    .         Reflect  .   (no cloak)
rCorr    .         Harm     .   (no gloves)
MR       .....                  (no boots)
Stlth    ..........             (no amulet)
HPRegen  0.00/turn              (no ring)
MPRegen  0.09/turn              (no ring)

@: rotting
A: rotting body, claws 1, carnivore, cold resistance 1, negative energy
resistance 3, inhibited regeneration, torment resistance, unbreathing
a: Renounce Religion


You were on level 3 of the Dungeon.
You worshipped Xom.
You were a special plaything of Xom.
You were not hungry.

You visited 1 branch of the dungeon, and saw 4 of its levels.

You collected 165 gold pieces.

Inventory:

Missiles
 p - 2 throwing nets (quivered)
Armour
 g - a +2 ring mail of cold resistance (worn)
 o - a +0 chain mail
 q - a +0 helmet (worn)
Scrolls
 a - 5 scrolls of identify {unknown}
 d - a scroll of amnesia {unknown}
 e - a scroll of fear {unknown}
 f - 2 scrolls of remove curse {unknown}
 h - a scroll of enchant weapon {unknown}
 i - a scroll of teleportation {unknown}
 m - 2 scrolls of noise {unknown}
 r - a scroll of fog {unknown}
Potions
 b - a potion of berserk rage {unknown}
 j - a potion of magic {unknown}
 l - a potion of brilliance {unknown}
 n - a potion of degeneration
Comestibles
 c - 10 rations
 k - a chunk of flesh


   Skills:
 + Level 3.5 Fighting
 + Level 2.1 Armour
 + Level 1.4 Dodging
 * Level 6.3 Unarmed Combat


You had 4 spell levels left.
You didn't know any spells.

Dungeon Overview and Level Annotations

Branches:
Dungeon (4/15)
 Temple: D:4-7

Altars:
Vehumet
Xom
The Shining One

Annotations:
D:4 Edmund


Innate Abilities, Weirdness & Mutations

Your body is rotting away.
You thrive on raw meat.
You are immune to poison.
You have sharp fingernails.
You are carnivorous and can eat meat at any time.
Your flesh is cold resistant. (rC+)
You are immune to negative energy. (rN+++)
You do not regenerate when monsters are visible.
You are immune to unholy pain and torment.
You can survive without breathing.


Message History

You feel your flesh rotting away.
A centaur and a dart slug come into view.
The centaur shouts!
The centaur wields a shortbow.
The centaur shoots an arrow.
The arrow hits you!
Found a stone staircase leading down.
A goblin comes into view. It is wielding a club.
You see here an arrow.
You take 12 damage, and have 29/44 hp.
MASSIVE DAMAGE!! "This might be better!"
The centaur flickers and vanishes!
Deactivating autopickup; reactivate with Ctrl-A.
You hear a twanging sound.
An arrow appears from out of thin air!
The arrow hits you!
* * * LOW HITPOINT WARNING * * *
You hear a twanging sound.
An arrow appears from out of thin air!
The arrow hits you but does no damage.
You see here 2 arrows.
You take 8 damage, and have 21/44 hp.
You hear a twanging sound.
An arrow appears from out of thin air!
The arrow hits you.
* * * LOW HITPOINT WARNING * * *
You see here a pair of gloves.
You take 3 damage, and have 18/44 hp.
Unknown command.
Eat one of 3 chunks of flesh? (ye/n/q)
You eat one of the 3 chunks of flesh.
You feel more resilient.
This raw flesh tastes great!
You regained 4 hp, and now have 22/45 hp.
Eat one of 2 chunks of flesh? (ye/n/q)
You eat one of the 2 chunks of flesh.
This raw flesh tastes great!
You hear a twanging sound.
An arrow appears from out of thin air!
The arrow hits you!
* * * LOW HITPOINT WARNING * * *
You take 2 damage, and have 20/45 hp.
You hear a twanging sound.
An arrow appears from out of thin air!
The arrow hits you!
* * * LOW HITPOINT WARNING * * *
There is a stone staircase leading down here.
You see here an arrow.
You take 7 damage, and have 13/45 hp.
You climb downwards. 2 jackals come into view.
The jackal barks!
You hear a shout!
Found 15 arrows and a scroll labeled QUCLEIZXUHU.
Found an escape hatch in the floor.
Found a stone staircase leading up.
There is a stone staircase leading up here.
You scratch the jackal.
The jackal is lightly wounded.
The jackal bites you but does no damage.
A worker ant comes into view.
You claw the jackal!
You kill the jackal!
The worker ant moves out of view.
The jackal bites you but does no damage.
An iguana and Edmund come into view.
Edmund is wielding a flail of protection.
The iguana hisses angrily.
You claw the jackal!
You kill the jackal!
You hear an angry hiss.
A worker ant zombie comes into view.
Found a glowing coppery potion.
You see here a jackal corpse.
You butcher the jackal corpse.
Things that are here:
2 chunks of flesh; a jackal skeleton The worker ant bites you but does no damage.
An iguana comes into view.
The iguana hisses angrily.
There is a stone staircase leading up here.
You hear Xom's maniacal laughter.
The worker ant bites you but does no damage.
The shadow imp hits you but does no damage.
An adder comes into view.
You see here 15 arrows.
The adder hisses angrily.
Found a ration.
There is a stone staircase leading up here.
The worker ant bites you.
* * * LOW HITPOINT WARNING * * *
You climb upwards.
There is a stone staircase leading down here.
Unknown command.
Unknown command.
You take 1 damage, and have 12/45 hp.
Unknown command.
Unknown command.
Okay, then.
Okay, then.
Okay, then.
It was a potion of degeneration.
There was something very wrong with that liquid.
You feel weakened.
You feel dopey.
You feel clumsy.
Xom roars with laughter!
The centaur shoots an arrow.
The arrow hits you!
* * * LOW HITPOINT WARNING * * *
The worker ant bites you but does no damage.
The centaur shoots an arrow.
The arrow hits you!
You die...
Xom chortles!

### ..# ### ### #.# ##..##..##
..# ##........## .## #..........#
.# #..........# .# #........# .#
#...@....# #### .#
#....a.....##.. .#
#......w..c.#.#
.#########.##........#.#.##
........... ##..##..##....#######
###........ .## #...............
###.#####.....#####g((....#####..
...#......###.....(>##.#.## #.#
###.####### ######..##.#.# #.#


You could see a centaur, a worker ant, a dart slug and a goblin.

Vanquished Creatures
  Terence (D:3)
  2 gnolls
  A river rat (D:2)
  6 adders
  2 oozes (D:2)
  A worm (D:2)
  2 dart slugs
  A leopard gecko (D:1)
  An orc (D:3)
  A ball python (D:1)
  5 bats
  2 giant cockroaches (D:1)
  10 goblins
  3 hobgoblins
  13 jackals
  2 quokkas (D:2)
  2 frilled lizards
  8 kobolds
  11 rats
74 creatures vanquished.

Notes
Turn   | Place    | Note
-------+----------+-------------------------------------------
     0 | D:1      | Monsterracer the Ghoul Chaos Knight began the quest for the Orb.
     0 | D:1      | Reached XP level 1. HP: 19/19 MP: 0/0
    43 | D:1      | XOM: harmless Summ miscast
    77 | D:1      | XOM: harmless Chrm miscast
   123 | D:1      | Reached XP level 2. HP: 26/26 MP: 1/1
   151 | D:1      | XOM: mild Pois miscast
   179 | D:1      | Reached skill level 4 in Unarmed Combat
   304 | D:1      | XOM is BORED!
   304 | D:1      | XOM: medium Tloc miscast
   305 | D:1      | Noticed a spatial vortex
   434 | D:1      | XOM: scenery: create altars
   559 | D:1      | Reached XP level 3. HP: 18/28 MP: 2/2
   954 | D:1      | XOM: god gift: 45 gold pieces
  1198 | D:2      | Reached skill level 5 in Unarmed Combat
  1239 | D:2      | XOM: noise
  1248 | D:2      | XOM: mild Tloc miscast
  1463 | D:2      | Reached XP level 4. HP: 35/38 MP: 3/3
  1655 | D:2      | Found a radiant altar of Vehumet.
  1656 | D:2      | Found a glowing golden altar of the Shining One.
  2135 | D:3      | XOM: polymorph hobgoblin -> river rat
  2141 | D:2      | XOM: enchant monster (bad)
  2142 | D:2      | Reached skill level 6 in Unarmed Combat
  2196 | D:2      | Reached XP level 5. HP: 39/45 MP: 4/4
  2240 | D:3      | Reached skill level 1 in Dodging
  2322 | D:3      | Noticed Terence
  2332 | D:3      | Killed Terence
  2432 | D:3      | XOM: medium Air miscast
  2508 | D:3      | XOM: mild Tloc miscast
  2625 | D:3      | Noticed a centaur
  2626 | D:3      | XOM: enchant monster (bad)
  2626 | D:3      | HP: 21/44 [something (8)]
  2631 | D:3      | HP: 13/45 [something (7)]
  2637 | D:4      | Noticed Edmund
  2643 | D:4      | XOM: summons 2 hostile demons
  2647 | D:4      | HP: 12/45 [worker ant (1)]
  2649 | D:3      | HP: 4/45 [centaur/arrow (8)]
  2649 | D:3      | Shot with an arrow by a centaur

Skill      XL: |  1  2  3  4  5 |
---------------+----------------+-----
Unarmed Combat | 4 5 6 |  6.3
Dodging        | 1 |  1.4
Armour         | 2 |  2.1
Fighting       | |  3.5

Action                   |  1- 3 |  4- 6 || total
-------------------------+-------+-------++-------
Melee: Unarmed           |   137 |   110 ||   247
       Punch             |     2 |     2 ||     4
  Use: Potion            |     1 |     1 ||     2
  Eat: Chunk             |     9 |     7 ||    16
       Ration            |       |     1 ||     1
Armor: Leather armour    |    51 |     6 ||    57
       Ring mail         |       |    39 ||    39
Dodge: Dodged            |    89 |    45 ||   134

Vault maps used:
D:1:      minmay_arrival_five_plusses
D:2:      minmay_diamond_boxcup, gammafunk_temple_overflow_pools, first_ration
D:3:      minmay_statues_item, minivault_4, st_stairs_5, uniq_terence
D:4:      corexii_shack, uniq_edmund, uniq_robin
